 Dungeon Crawl Stone Soup version 0.27-a0-1555-g0e7b3fb1d2 (webtiles) character file.

Game seed: 1855596116681038550

6 Sin92 the Skirmisher (level 1, 0/18 HPs)
             Began as a Demonspawn Fighter on July 14, 2021.
             Slain by a quokka (1 damage)
             ... on level 1 of the Dungeon.
             The game lasted 00:00:12 (159 turns).

Sin92 the Skirmisher (Demonspawn Fighter)            Turns: 159, Time: 00:00:13

Health: 0/18       AC:  6    Str: 16    XL:     1   Next: 75%
Magic:  1/1        EV:  7    Int:  9    God:
Gold:   0          SH:  8    Dex: 12    Spells: 0/0 levels left

rFire    . . .     SeeInvis .   a - +0 war axe
rCold    . . .     Faith    .   c - +0 kite shield
rNeg     . . .     Spirit   .   b - +0 scale mail
rPois    .         Reflect  .   (no helmet)
rElec    .         Harm     .   (no cloak)
rCorr    .         Rampage  .   (no gloves)
Will     .....                  (no boots)
Stlth    ..........             (no amulet)
HPRegen  0.06/turn              (no ring)
MPRegen  0.07/turn              (no ring)

@: no status effects
A: no striking features
a: no special abilities


You were on level 1 of the Dungeon.
You visited 1 branch of the dungeon, and saw 1 of its levels.

Inventory:

Hand Weapons
 a - a +0 war axe (weapon)
Armour
 b - a +0 scale mail (worn)
 c - a +0 kite shield (worn)
Scrolls
 e - a scroll of teleportation {unknown}
Potions
 d - a potion of might


   Skills:
 + Level 3.0 Fighting
 + Level 1.9 Axes
 + Level 2.7 Armour
 + Level 0.3 Dodging
 + Level 2.7 Shields


You couldn't memorise any spells.
You didn't know any spells.
Your spell library was empty.

Dungeon Overview and Level Annotations

Branches:
Dungeon (1/15)

Altars:


Message History

You barely miss the hobgoblin.
The hobgoblin is lightly wounded.
You hit the quokka. The quokka completely misses you.
You block the hobgoblin's attack. You block the quokka's attack.
The hobgoblin hits you.
There are monsters nearby!
You hit the quokka.
The quokka is severely wounded.
You barely miss the hobgoblin. The quokka bites you.
The hobgoblin closely misses you. You block the quokka's attack.
The hobgoblin barely misses you.
There are monsters nearby!
You are too injured to fight recklessly!
Unknown command.
You are too injured to fight recklessly!
There are monsters nearby!
You are too injured to fight recklessly!
You are too injured to fight recklessly!
There are monsters nearby!
You barely miss the quokka.
The quokka is severely wounded.
You closely miss the hobgoblin. You block the quokka's attack.
The hobgoblin hits you. The quokka barely misses you.
You barely miss the quokka.
The quokka is severely wounded.
You slash the hobgoblin!
You kill the hobgoblin!
The quokka bites you.
* * * LOW HITPOINT WARNING * * *
You block the quokka's attack.
You barely miss the quokka.
The quokka is severely wounded.
The quokka bites you.
* * * LOW HITPOINT WARNING * * *
The quokka bites you but does no damage.
Unknown command.
You closely miss the quokka.
The quokka is severely wounded.
The quokka bites you.
You die...

#.########
#........#
#.######.# # #.#
#.# .# #.# #.#
#.##
#.######.##...##.
#................
########?........
#.@.......
##r.......
##.....#. .......
.....## #...##
#.## .#


You could see a quokka.

Vanquished Creatures
  A bat (D:1)
  An endoplasm (D:1)
  A hobgoblin (D:1)
  A kobold (D:1)
  A rat (D:1)
5 creatures vanquished.

Notes
Turn   | Place    | Note
-------+----------+-------------------------------------------
     0 | D:1      | Sin92 the Demonspawn Fighter began the quest for the Orb.
     0 | D:1      | Reached XP level 1. HP: 18/18 MP: 1/1
   159 | D:1      | Slain by a quokka

Illustrated notes

Levels and vault maps discovered:
D:1:      minmay_arrival_up_and_down, layout_loops_ring

Action                   || total
-------------------------++-------
Melee: War axe           ||    16
Armor: Scale mail        ||     3
Dodge: Dodged            ||     7
Block: Kite shield       ||     9

Table legend: (Time is in decaauts)
 A = Elapsed time spent in this place.
 B = Non-inter-level travel time spent in this place.
 C = Inter-level travel time spent in this place.
 D = Time resting spent in this place.
 E = Time spent auto-exploring this place.
 F = Levels seen in this place.
 G = Mean time per level.
                   A        B        C        D        E       F      G
               +--------+--------+--------+--------+--------+-----+--------+
         Total |    169 |    169 |      0 |      0 |    129 |   1 |  169.0 |
       Dungeon |    169 |    169 |      0 |      0 |    129 |   1 |  169.0 |
               +--------+--------+--------+--------+--------+-----+--------+

Top non-repeatable levels by time:
     D:1: 169 daAuts
